 Dungeon Sprint DCSS version bcrawl-1.19.1 (webtiles) character file.

Game seed: 13719401155985329049

7000000 mahrnol the Axe Maniac (level 27, -22/270 (273) HPs)
             Began as a Centaur Warper on Nov 29, 2019.
             Was the Champion of Makhleb.
             Annihilated by The Servant
             ... wielding a +9 glaive of flaming
              (39 damage)
             ... in the Dungeon (Sprint VIII: "Arena of Blood").
             The game lasted 00:04:36 (70 turns).

mahrnol the Axe Maniac (Centaur Warper)               Turns: 70, Time: 00:04:36

HP:   -22/270 (273) AC:  6    Str: 16    XL:     27
MP:   33/54         EV: 32    Int: 12    God:    Makhleb [******]
Gold: 0             SH:  0    Dex: 20    Spells: 79/80 levels left

rFire    . . .     SeeInvis .   d - +∞ Axe of Woe
rCold    . . .     Gourm    .   (shield currently unavailable)
rNeg     . . .     Faith    .   c - +0 robe
rPois    .         Spirit   .   (no helmet)
rElec    .         Reflect  .   (no cloak)
rCorr    .         Harm     .   (no gloves)
MR       ++...     NoTele   +   (no barding)
Stlth    +++++++++.             (no amulet)
HPRegen  0.55/turn              (no ring)
MPRegen  0.34/turn              (no ring)

@: very quick
A: large, hooves 3, deformed body, speed 2, tough skin 3
a: Minor Destruction, Lesser Servant of Makhleb, Major Destruction, Greater
Servant of Makhleb, Renounce Religion


You were in the Dungeon.
You worshipped Makhleb.
Makhleb was exalted by your worship.
You were not hungry.

You visited 1 branch

Inventory:

Hand Weapons
 a - a +1 shortbow
 b - a +0 dagger
 d - the +∞ Axe of Woe (weapon)
   (You found it in the Dungeon)
Missiles
 f - 240 arrows
Armour
 c - a +0 robe (worn)
Scrolls
 e - 2 scrolls of blinking
Potions
 h - a potion of curing
 i - a potion of heal wounds
 j - a potion of haste
 k - 2 potions of magic
 l - a potion of berserk rage
Comestibles
 g - a ration {!d}


   Skills:
 O Level 27 Fighting
 O Level 27 Short Blades
 O Level 27 Axes
 O Level 27 Bows
 O Level 27 Throwing
 O Level 27 Armour
 O Level 27 Dodging
 O Level 27 Stealth
 O Level 27 Unarmed Combat
 O Level 27 Spellcasting
 O Level 27 Translocations
 O Level 27 Invocations


You had 79 spell levels left.
You knew the following spells:

 Your Spells              Type           Power        Failure   Level  Hunger
a - Blink Other           Tloc           ######       0%          1    None

Your spell library contained the following spells:

 Spells                   Type           Power        Failure   Level  Hunger
 Blink                    Tloc           N/A          0%          2    None
 Portal Projectile        Tloc           ######       0%          3    None
 Teleport Other           Tloc           ######..     0%          3    None
 Passage of Golubria      Tloc           N/A          0%          5    ###....


Dungeon Overview and Level Annotations

Branches:
Dungeon (1/1)

Altars:
Makhleb

Annotations:
D The Servant


Innate Abilities, Weirdness & Mutations

You have hooves in place of feet.
Armour fits poorly on your strangely shaped body.
You cover ground very quickly.
You have extremely tough skin. (AC +3)


Message History

Something smites you!
You slice the bag of meat!!
You cleave the bag of meat in twain.
You kill the bag of meat!
Makhleb accepts your kill.
You feel better.
You slice the bag of meat!!
You slaughter the bag of meat joyfully.
You kill the bag of meat!
Makhleb accepts your kill. notify_dgn_event: Lua error: [string "global_prelude"]:208: Unknown spell name: 'hurl damnation' in 'symbol_of_torment.34.natural;hurl_damnation.33.natural;call_down_damnation.33. natural' You are engulfed in blazing flames.
A bag of meat comes into view. It is wielding a +9 war axe.
You hear a shout!
A destroyer comes into view.
It is wielding a +9 great sword of slicing.
You hear a shout!
The bag of meat is engulfed in blazing flames.
The Servant hits you from afar with a +9 glaive of flaming!!!!!
Ouch! That really hurt!
* * * LOW HITPOINT WARNING * * *
The Servant burns you!!!
You die...

.......%......
........%.......%.%.#.
#.......#%.....%.%...
#.......#...%.......##
##.. ....###...o..o.%.
....###..V%.°°%...oo## .
....._..§....)%x.ox.....
#.....#..)°)oo#)#.....
#_.<._#..))O)z@§oMM...
.#.....#..)))x#o#o#....
....._.........§X@... .
....###%..%....X#.#.#..
##.. ....###.....L..%.#.
#.......# ......ooX...
#.......#.%......... #
.........o......X....
......... ...


You could see 2 accurseds, a tyrant, The Servant, a destroyer, a sculptor of
flesh, 4 large abominations, a meat berserker (berserk), 13 bags of meat and 3
crawling corpses.

Vanquished Creatures
  2 greater mummies (D)
  18 vampire knights (D)
  30 ogres (D)
  7 two-headed ogres (D)
  2 liches (D)
  56 orcs (D)
  4 skeletal warriors (D)
  6 small abominations (D)
  7 large abominations (D)
  A crawling corpse (D)
133 creatures vanquished.

Vanquished Creatures (others)
  3 crawling corpses (D)
3 creatures vanquished.

Grand Total: 136 creatures vanquished

Notes
Turn   | Place    | Note
-------+----------+-------------------------------------------
     0 | D        | Found the +∞ Axe of Woe
     0 | D        | mahrnol the Centaur Warper began the quest for the Orb.
     0 | D        | Reached XP level 1. HP: 17/17 MP: 2/2
     2 | D        | Noticed a bag of meat
     3 | D        | Became a worshipper of Makhleb the Destroyer
     3 | D        | Noticed a bag of meat
     6 | D        | Noticed a bag of meat
     6 | D        | Noticed a bag of meat
     7 | D        | Noticed a meat berserker
     7 | D        | Noticed a meat berserker
     8 | D        | Noticed a bag of meat
     8 | D        | Noticed a meat berserker
     8 | D        | Noticed a meat berserker
     9 | D        | Noticed a bag of meat
    10 | D        | Noticed a meat berserker
    10 | D        | Noticed a bag of meat
    10 | D        | Noticed a meat berserker
    10 | D        | Noticed a bag of meat
    11 | D        | Killed a bag of meat
    11 | D        | Reached XP level 2. HP: 24/24 MP: 3/3
    11 | D        | Reached XP level 3. HP: 29/29 MP: 4/4
    11 | D        | Reached XP level 4. HP: 36/36 MP: 5/5
    11 | D        | Reached XP level 5. HP: 41/41 MP: 6/6
    11 | D        | Reached XP level 6. HP: 48/48 MP: 7/7
    11 | D        | Reached XP level 7. HP: 55/55 MP: 8/8
    11 | D        | Reached XP level 8. HP: 61/61 MP: 9/9
    11 | D        | Reached XP level 9. HP: 67/67 MP: 10/10
    11 | D        | Reached XP level 10. HP: 73/73 MP: 11/11
    11 | D        | Reached XP level 11. HP: 79/79 MP: 12/12
    11 | D        | Killed a bag of meat
    11 | D        | Reached * piety under Makhleb
    11 | D        | Reached skill level 27 in Axes
    11 | D        | Reached skill level 5 in Fighting
    11 | D        | Reached XP level 12. HP: 94/94 MP: 13/13
    11 | D        | Noticed a meat berserker
    11 | D        | Noticed a bag of meat
    11 | D        | Noticed a bag of meat
    12 | D        | Killed a meat berserker
    12 | D        | Reached XP level 13. HP: 140/143 MP: 14/14
    12 | D        | Reached XP level 14. HP: 148/151 MP: 15/15
    12 | D        | Killed a meat berserker
    12 | D        | Reached XP level 15. HP: 169/173 MP: 16/16
    13 | D        | Noticed a meat berserker
    13 | D        | Killed a meat berserker
    13 | D        | Reached ** piety under Makhleb
    13 | D        | Reached skill level 27 in Fighting
    13 | D        | Reached skill level 15 in Dodging
    13 | D        | Reached XP level 16. HP: 180/183 MP: 17/17
    14 | D        | Killed a meat berserker
    14 | D        | Noticed a meat berserker
    15 | D        | Killed a meat berserker
    15 | D        | Reached *** piety under Makhleb
    15 | D        | Reached XP level 17. HP: 191/191 MP: 18/18
    15 | D        | Killed a meat berserker
    15 | D        | Reached skill level 27 in Dodging
    16 | D        | Killed a meat berserker
    16 | D        | Reached XP level 18. HP: 200/200 MP: 19/19
    16 | D        | Reached **** piety under Makhleb
    16 | D        | Noticed a meat berserker
    16 | D        | Noticed a destroyer
    18 | D        | Reached XP level 19. HP: 207/207 MP: 20/20
    18 | D        | Reached ***** piety under Makhleb
    19 | D        | Killed a meat berserker
    19 | D        | Reached skill level 27 in Stealth
    19 | D        | Reached skill level 10 in Translocations
    19 | D        | Killed a destroyer
    19 | D        | Reached XP level 20. HP: 216/216 MP: 21/21
    19 | D        | Noticed a large bag of meat
    20 | D        | Reached skill level 15 in Bows
    20 | D        | Killed a meat berserker
    20 | D        | Noticed a meat berserker
    21 | D        | Reached XP level 21. HP: 224/224 MP: 22/22
    22 | D        | Reached ****** piety under Makhleb
    22 | D        | Reached skill level 27 in Translocations
    22 | D        | Noticed a large bag of meat
    22 | D        | Noticed a destroyer
    23 | D        | Noticed a large bag of meat
    24 | D        | Reached skill level 27 in Bows
    25 | D        | Reached XP level 22. HP: 233/233 MP: 23/23
    26 | D        | Reached skill level 5 in Short Blades
    26 | D        | Reached skill level 27 in Armour
    26 | D        | Reached skill level 10 in Throwing
    26 | D        | Reached skill level 10 in Invocations
    26 | D        | Reached skill level 15 in Invocations
    26 | D        | Noticed a destroyer
    27 | D        | Noticed a large bag of meat
    27 | D        | Reached skill level 15 in Unarmed Combat
    28 | D        | Reached XP level 23. HP: 240/240 MP: 23/36
    28 | D        | Noticed a destroyer
    29 | D        | Killed a large bag of meat
    29 | D        | Noticed a destroyer
    30 | D        | Noticed a destroyer
    30 | D        | Noticed a destroyer
    30 | D        | Noticed a destroyer
    31 | D        | Killed a large bag of meat
    31 | D        | Reached XP level 24. HP: 249/249 MP: 23/39
    31 | D        | Killed a destroyer
    31 | D        | Reached skill level 27 in Throwing
    31 | D        | Reached skill level 27 in Invocations
    31 | D        | Noticed a destroyer
    32 | D        | Reached skill level 27 in Unarmed Combat
    32 | D        | Reached skill level 27 in Short Blades
    33 | D        | Killed a large bag of meat
    33 | D        | Reached XP level 25. HP: 257/257 MP: 24/48
    33 | D        | Killed a destroyer
    33 | D        | Killed a destroyer
    33 | D        | Reached skill level 27 in Spellcasting
    33 | D        | Noticed a destroyer
    33 | D        | Noticed a destroyer
    34 | D        | Killed a large bag of meat
    34 | D        | Killed a destroyer
    34 | D        | Reached XP level 26. HP: 266/266 MP: 24/54
    34 | D        | Killed a destroyer
    35 | D        | Killed a destroyer
    35 | D        | Reached XP level 27. HP: 273/273 MP: 24/54
    36 | D        | Killed a destroyer
    36 | D        | Noticed a large bag of meat
    37 | D        | Killed a destroyer
    37 | D        | Noticed a destroyer
    40 | D        | Killed a destroyer
    43 | D        | Killed a destroyer
    43 | D        | Noticed a large bag of meat
    43 | D        | Noticed a destroyer
    44 | D        | Noticed a destroyer
    45 | D        | Noticed an accursed
    45 | D        | Noticed a tyrant
    46 | D        | Killed a destroyer
    48 | D        | Killed a large bag of meat
    49 | D        | Killed a destroyer
    50 | D        | Noticed an accursed
    51 | D        | Killed a large bag of meat
    51 | D        | Noticed a destroyer
    53 | D        | Killed a destroyer
    54 | D        | Noticed a tyrant
    54 | D        | Killed a tyrant
    54 | D        | Noticed The Servant
    54 | D        | Noticed a large bag of meat
    57 | D        | Noticed a destroyer
    58 | D        | Noticed a destroyer
    59 | D        | Killed a destroyer
    59 | D        | Noticed a destroyer
    60 | D        | Noticed a tyrant
    60 | D        | Noticed an accursed
    61 | D        | Killed a tyrant
    61 | D        | Killed an accursed
    61 | D        | Killed an accursed
    62 | D        | Noticed an accursed
    63 | D        | Killed a destroyer
    64 | D        | Killed a large bag of meat
    69 | D        | Killed a destroyer
    69 | D        | Killed a destroyer
    70 | D        | Noticed a destroyer
    70 | D        | Annihilated by The Servant

Skill      XL: |  1  2  3  4  5  6  7  8  9 10 11 12 13 14 15 16 17 18 19 20 21 22 23 24 25 |
---------------+----------------------------------------------------------------------------+-----
Axes           | 23 27 | 27.0
Fighting       | 5 21 26 27 | 27.0
Dodging        | 18 25 27 | 27.0
Stealth        | 17 23 27 | 27.0
Bows           | 13 19 27 | 27.0
Armour         | 11 17 24 27 | 27.0
Translocations | 18 25 27 | 27.0
Short Blades   | 2 16 22 27 | 27.0
Throwing       | 2 19 25 27 | 27.0
Unarmed Combat | 2 18 23 27 | 27.0
Invocations    | 2 19 25 27 | 27.0
Spellcasting   | 21 27 | 27.0

Action                   |  1- 3 |  4- 6 |  7- 9 | 10-12 | 13-15 | 16-18 | 19-21 | 22-24 | 25-27 || total
-------------------------+-------+-------+-------+-------+-------+-------+-------+-------+-------++-------
Melee: Executioner's axe |     1 |       |       |     1 |     1 |     4 |     6 |     8 |    33 ||    54
Dodge: Dodged            |       |       |       |       |       |       |       |       |     2 ||     2
